 Dungeon Crawl Stone Soup version 0.25.1-2-g60ff931df9 (webtiles) character file.

Game seed: 7222089726991118740

99 Erymatos the Chopper (level 4, -2/40 HPs)
             Began as a Minotaur Berserker on Nov 10, 2020.
             Was a Believer of Trog.
             Killed from afar by an orc wizard (4 damage)
             ... with a magic dart
             ... on level 3 of the Dungeon.
             The game lasted 00:01:29 (1852 turns).

Erymatos the Chopper (Minotaur Berserker)           Turns: 1852, Time: 00:01:30

Health: -2/40      AC:  2    Str: 22    XL:     4   Next: 45%
Magic:  3/3        EV: 12    Int:  4    God:    Trog [**....]
Gold:   115        SH:  0    Dex: 10    Spells: 3/3 levels left

rFire    . . .     SeeInvis .   a - +0 hand axe
rCold    . . .     Gourm    .   (no shield)
rNeg     . . .     Faith    .   b - +0 animal skin
rPois    .         Spirit   .   (helmet restricted)
rElec    .         Reflect  .   (no cloak)
rCorr    .         Harm     .   (no gloves)
MR       .....                  (no boots)
Stlth    +.........             (no amulet)
HPRegen  0.13/turn              (no ring)
MPRegen  0.08/turn              (no ring)

@: no status effects
A: retaliatory headbutt, horns 2
a: Berserk, Trog's Hand, Renounce Religion


You were on level 3 of the Dungeon.
You worshipped Trog.
Trog was pleased with you.
You were not hungry.

You visited 1 branch of the dungeon, and saw 3 of its levels.

You collected 115 gold pieces.

Inventory:

Hand Weapons
 a - a +0 hand axe (weapon)
Armour
 b - a +0 animal skin (worn)
Scrolls
 d - 2 scrolls of enchant weapon {unknown}
 e - 2 scrolls of remove curse {unknown}
 g - 3 scrolls of identify {unknown}
 j - a scroll of teleportation {unknown}
 k - 3 scrolls of enchant armour {unknown}
Potions
 f - a potion of heal wounds {unknown}
 h - a potion of stabbing {unknown}
 l - 2 potions of cancellation {unknown}
Comestibles
 c - 2 rations
 i - 3 chunks of flesh


   Skills:
 + Level 4.2 Fighting
 + Level 5.6 Axes
 + Level 2.7 Armour
 + Level 2.5 Dodging


You had 3 spell levels left.
You didn't know any spells.
Your spell library was empty.

Dungeon Overview and Level Annotations

Branches:
Dungeon (2/15)

Altars:
Makhleb
Vehumet


Innate Abilities, Weirdness & Mutations

You reflexively headbutt those who attack you in melee.
You have a pair of horns on your head.


Message History

You closely miss the orc wizard.
The orc wizard is almost dead.
The orc wizard hits you with a +0 dagger.
* * * LOW HITPOINT WARNING * * *
The orc wizard hits you with a +0 dagger.
* * * LOW HITPOINT WARNING * * *
You hit the orc wizard.
The orc wizard is almost dead.
The orc wizard hits you with a +0 dagger.
* * * LOW HITPOINT WARNING * * *
The orc wizard completely misses you.
Unknown command.
You closely miss the orc wizard.
The orc wizard is almost dead.
The orc wizard casts a spell.
The orc wizard blinks!
Unknown command.
The orc wizard gestures at you while chanting.
The magic dart hits you.
You die...

## ##.#.....
#.##########.>...#..
#......#.##.#......#
###.#.......#.####.#
#†#.##...........#
#o#.#####..#####.#
#.#.# #..# #.. #.#..
...# #.# #@### #....
#.# ##)# ..... ##.#
#..# ....##..# #.##
#... ... #... #.##.
#### # #. #. ##


You could see an orc wizard (fast).

Vanquished Creatures
  An orc wizard (D:3)
  2 adders
  2 worms
  2 dart slugs (D:1)
  An orc (D:3)
  A giant cockroach (D:2)
  4 goblins (D:1)
  3 hobgoblins (D:1)
  7 jackals (D:1)
  4 kobolds
  3 quokkas
  6 bats
  5 frilled lizards
  7 rats
48 creatures vanquished.

Notes
Turn   | Place    | Note
-------+----------+-------------------------------------------
     0 | D:1      | Erymatos the Minotaur Berserker began the quest for the
                  | Orb.
     0 | D:1      | Reached XP level 1. HP: 19/19 MP: 0/0
    53 | D:1      | Reached skill level 4 in Axes
    53 | D:1      | Reached XP level 2. HP: 17/27 MP: 1/1
   490 | D:1      | Reached ** piety under Trog
   490 | D:1      | Reached XP level 3. HP: 33/33 MP: 2/2
  1516 | D:2      | Found a burning altar of Makhleb.
  1587 | D:2      | You fall into a shaft and drop 1 floor!
  1605 | D:3      | Reached skill level 5 in Axes
  1757 | D:3      | Reached XP level 4. HP: 40/40 MP: 3/3
  1781 | D:3      | Found a radiant altar of Vehumet.
  1850 | D:3      | HP: 2/40 [orc wizard/+0 dagger (3)]
  1852 | D:3      | Killed from afar by an orc wizard

Illustrated notes

Levels and vault maps discovered:
D:1:      erik_arrival_orb_chamber, layout_basic, hangedman_glass_teeth
D:2:      layout_loops_corners, nicolae_overflow_hidden_temple
D:3:      kennysheep_big_flooded_room, layout_loops_cross, old_standard_altar,
          chequers_ecumenical_altar_simple_redux, minmay_shallow_snake_nest

Skill      XL: |  1  2  3 |
---------------+----------+-----
Axes           | 4 5 |  5.6
Fighting       | 4 |  4.2
Armour         | |  2.7
Dodging        | |  2.5

Action                   |  1- 3 |  4- 6 || total
-------------------------+-------+-------++-------
Melee: Hand axe          |    73 |    24 ||    97
       Headbutt          |    10 |     4 ||    14
 Stab: Sleeping          |     1 |       ||     1
  Eat: Chunk             |     3 |       ||     3
Armor: Animal skin       |    15 |     1 ||    16
Dodge: Dodged            |    53 |    11 ||    64
